 Dungeon Crawl Stone Soup version bcrawl-1.23.1 (webtiles) character file.

Game seed: 15495507831026865352

121 diana the Slasher (level 4, 0/36 HPs)
             Began as a Demonspawn Gladiator on May 27, 2020.
             Slain by an adder (2 damage)
             ... on level 3 of the Dungeon.
             The game lasted 00:03:24 (3029 turns).

diana the Slasher (Demonspawn Gladiator)            Turns: 3029, Time: 00:03:24

Health: 0/36       AC:  5    Str: 16    XL:     4   Next: 76%
Magic:  4/4        EV: 12    Int:  9    God:
Gold:   180        SH:  1    Dex: 14    Spells: 3/3 levels left

rFire    + . .     SeeInvis .   a - +0 long sword
rCold    + + .     Gourm    .   (no shield)
rNeg     . . .     Faith    .   b - +0 leather armour
rPois    +         Spirit   .   (helmet restricted)
rElec    +         Reflect  .   t - +0 cloak
rCorr    +         Harm     .   (no gloves)
MR       .....                  (no boots)
Stlth    +.........             g - amulet of magic regeneration
HPRegen  0.12/turn              o - ring of protection from cold
MPRegen  0.34/turn              s - ring of resist corrosion

@: lethally poisoned (0 -> -22), resistant, slowed, very slow
A: horns 1, rugged brown scales 1
a: no special abilities


You were on level 3 of the Dungeon.
You were not hungry.

You visited 1 branch of the dungeon, and saw 3 of its levels.

You collected 180 gold pieces.

Inventory:

Hand Weapons
 a - a +0 long sword (weapon)
Missiles
 d - 3 throwing nets (quivered) {!f}
Armour
 b - a +0 leather armour (worn)
 c - a +0 helmet
 t - a +0 cloak (worn)
Jewellery
 g - an amulet of magic regeneration (around neck)
 o - a ring of protection from cold (left hand)
 s - a ring of resist corrosion (right hand)
Scrolls
 f - a scroll of noise {unknown}
 h - a scroll of identify {unknown}
 i - 2 scrolls of fog {unknown}
 l - a scroll of remove curse
 n - a scroll of fear {unknown}
 r - 2 scrolls of amnesia {unknown}
Potions
 j - a potion of resistance
 k - a potion of degeneration {unknown}
 m - a potion of agility {unknown}
 p - a potion of cancellation {unknown}
 q - a potion of brilliance {unknown}
 v - a potion of curing {unknown}
 w - a potion of might {unknown}
 x - a potion of berserk rage {unknown}
Comestibles
 e - 3 rations {!d}


   Skills:
 + Level 3.2 Fighting
 * Level 4.4 Long Blades
 - Level 1.7 Throwing
 - Level 2.6 Dodging


You had 3 spell levels left.
You didn't know any spells.
Your spell library contained the following spells:

 Spells                   Type           Power        Failure   Level  Hunger
 Apportation              Tloc           #.....       45%         1    ##.....
 Infusion                 Chrm           #.......     45%         1    ##.....
 Sandblast                Erth           #.....       45%         1    ##.....
 Slow                     Hex            #.......     45%         1    ##.....
 Summon Butterflies       Summ           #.......     45%         1    ##.....


Dungeon Overview and Level Annotations

Branches:
Dungeon (3/12)

Altars:
Elyvilon
Fedhas
Ru
Trog
The Shining One


Innate Abilities, Weirdness & Mutations

You have a pair of small horns on your head.
You are partially covered in rugged brown scales. (AC +1, +3% HP)


Message History

The adder bites you.
* * * LOW HITPOINT WARNING * * *
You are too injured to fight recklessly!
You are too injured to fight recklessly!
You are too injured to fight recklessly!
You are too injured to fight recklessly!
You are too injured to fight recklessly!
You are too injured to fight recklessly!
* * * LOW HITPOINT WARNING * * *
You feel very sick. The adder bites you.
* * * LOW HITPOINT WARNING * * *
The jackal bites you but does no damage.
It was a potion of resistance.
You feel protected.
* * * LOW HITPOINT WARNING * * *
You feel very sick.
The jackal bites you but does no damage.
The adder bites you.
You die...

#o.......
##....####..##..h
##...#............
#.....#.#........#
#.#.#.#.#..).)....
#.#.#...#.....h...
#†#.##..#..h..K..$
###.#.##...SS.......
######.....##...@h.......
..##....#####............
..##.#...................
..#..#..#####............
........# ###.....#......
....###.###......###.....
................## #####
..#.....#.#.#####
..#.....#...#


You could see 2 adders, 3 jackals and a kobold.

Vanquished Creatures
  An orc wizard (D:2)
  A worker ant (D:2)
  A hound skeleton (D:3)
  An ooze (D:2)
  3 worms (D:2)
  5 leopard geckos
  2 orcs
  6 bats
  3 giant cockroaches
  6 goblins
  4 hobgoblins
  2 ball pythons
  2 frilled lizards (D:1)
  3 kobolds
  3 rats
43 creatures vanquished.

Notes
Turn   | Place    | Note
-------+----------+-------------------------------------------
     0 | D:1      | diana the Demonspawn Gladiator began the quest for the Orb.
     0 | D:1      | Reached XP level 1. HP: 16/16 MP: 1/1
    92 | D:1      | Reached skill level 3 in Long Blades
   219 | D:1      | Gained mutation: You are partially covered in rugged brown
                  | scales. (AC +1, +3% HP) [demonic ancestry]
   219 | D:1      | Reached XP level 2. HP: 15/22 MP: 2/2
  1372 | D:2      | Reached XP level 3. HP: 18/28 MP: 3/3
  1499 | D:2      | Found a white marble altar of Elyvilon.
  1499 | D:2      | Found a bloodstained altar of Trog.
  1499 | D:2      | Found a sacrificial altar of Ru.
  2200 | D:2      | Found a glowing golden altar of the Shining One.
  2297 | D:2      | Found a blossoming altar of Fedhas.
  2419 | D:3      | Reached skill level 4 in Long Blades
  2444 | D:3      | Gained mutation: You have a pair of small horns on your
                  | head. [demonic ancestry]
  2444 | D:3      | Reached XP level 4. HP: 35/35 MP: 4/4
  3029 | D:3      | Slain by an adder

Skill      XL: |  1  2  3  4 |
---------------+-------------+-----
Long Blades    | 3 4 |  4.4
Fighting       | 3 |  3.2
Throwing       | |  1.7
Dodging        | |  2.6

Action                   |  1- 3 |  4- 6 || total
-------------------------+-------+-------++-------
Melee: Long sword        |   162 |    45 ||   207
       Headbutt          |       |     8 ||     8
  Use: Scroll            |     1 |       ||     1
       Potion            |       |     1 ||     1
 Stab: Sleeping          |     2 |       ||     2
  Eat: Chunk             |     5 |     2 ||     7
Armor: Leather armour    |    63 |    16 ||    79
       Scale mail        |     5 |       ||     5
Dodge: Dodged            |   119 |    24 ||   143
Block: Other             |     1 |     2 ||     3
